AAA WEST
ROUND ROCK EXPRESS @ LAS VEGAS AVIATORS
08/27/2041
 
TOP OF THE 1ST
Round Rock Express batting - Pitching for Las Vegas Aviators : RHP Jorge Martínez
Pitching: RHP Jorge Martínez
Batting: RHB Steve O'Neill 0-0: Ball
1-0: Ball
2-0: Ball
3-0: Called Strike
3-1: Fly out, F9 (Flyball, 9S, EV 77.5 MPH)
Batting: RHB Ken Stephens 0-0: Ball
1-0: Called Strike
1-1: SINGLE (Flyball, 5D, EV 93.1 MPH)
Batting: LHB Cristo Ayala 0-0: Ball
Ken Stephens steals 2nd base (no throw)
1-0: Ball
Ken Stephens steals 3rd base
2-0: Called Strike
2-1: Ball
3-1: Ground out 4-3 (Groundball, 4M, EV 81.3 MPH)
Ken Stephens scores
Batting: SHB Darrell Bailey 0-0: Called Strike
0-1: SOLO HOME RUN (Flyball, 78XD, EV 98.8 MPH), Distance : 408 ft
Batting: RHB Héctor González 0-0: Fly out, F6 (Line Drive, 6, EV 61.9 MPH)
Top of the 1st over - 2 runs, 2 hits, 0 errors, 0 left on base; Round Rock 2 - Las Vegas 0
BOTTOM OF THE 1ST
Las Vegas Aviators batting - Pitching for Round Rock Express : LHP Chris Meadows
Pitching: LHP Chris Meadows
Batting: LHB Caleb Banks 0-0: Called Strike
0-1: Called Strike
0-2: Ball
1-2: Ball
2-2: Foul Ball, location: 3FF
2-2: Ball
3-2: SINGLE (Groundball, 6MD, EV 103.1 MPH) (infield hit)
Batting: RHB Ernesto Peña 0-0: Called Strike
0-1: Ball
1-1: Foul Ball, location: 5DF
1-2: Foul Ball, location: 5F
1-2: Fly out, F4 (Popup, 4, EV 64.4 MPH)
Batting: RHB Bert Gray 0-0: Ball
1-0: Ground out 4-3 (Groundball, 34, EV 103.1 MPH)
Caleb Banks to second
Batting: LHB Cristóbal Díaz 0-0: Called Strike
0-1: Foul Ball, location: 7LMF
0-2: Ball
Wild Pitch!
Caleb Banks to third
1-2: Foul Ball, location: 3DF
1-2: Ball
2-2: Ball
3-2: Foul Ball, location: 3F
3-2: Base on Balls
Batting: RHB Stu Braun 0-0: Ball
1-0: Swinging Strike
1-1: Swinging Strike
1-2: Strikes out swinging, 2-3 out at first.
Bottom of the 1st over - 0 runs, 1 hit, 0 errors, 2 left on base; Round Rock 2 - Las Vegas 0
TOP OF THE 2ND
Round Rock Express batting - Pitching for Las Vegas Aviators : RHP Jorge Martínez
Batting: RHB Ken Hanson 0-0: Called Strike
0-1: Ball
1-1: Ball
2-1: Called Strike
2-2: Strikes out swinging
Batting: RHB Cliff Richardson 0-0: Foul Ball, location: 9LSF
0-1: Called Strike
0-2: Ball
1-2: Strikes out looking
Batting: RHB Oscar Pittman 0-0: Ball
1-0: Called Strike
1-1: Ball
2-1: Ground out 3-1 (Groundball, 34S, EV 80.6 MPH)
Top of the 2nd over - 0 runs, 0 hits, 0 errors, 0 left on base; Round Rock 2 - Las Vegas 0
BOTTOM OF THE 2ND
Las Vegas Aviators batting - Pitching for Round Rock Express : LHP Chris Meadows
Batting: RHB Luis De La Cruz 0-0: Ball
1-0: Ball
2-0: Called Strike
2-1: Foul Ball, location: 23FF
2-2: Strikes out swinging
Batting: SHB Steve Dodd 0-0: Ball
1-0: Swinging Strike
1-1: DOUBLE (Flyball, 78D, EV 99.4 MPH)
Batting: SHB Esteban Martínez 0-0: Fly out, F7 (Flyball, 78M, EV 87.5 MPH)
Batting: LHB Jim Unknown 0-0: Ball
1-0: Foul Ball, location: 2F
1-1: Ball
2-1: Swinging Strike
2-2: Foul Ball, location: 3FF
2-2: Strikes out swinging
Bottom of the 2nd over - 0 runs, 1 hit, 0 errors, 1 left on base; Round Rock 2 - Las Vegas 0
TOP OF THE 3RD
Round Rock Express batting - Pitching for Las Vegas Aviators : RHP Jorge Martínez
Batting: RHB Jim Unknown 0-0: Swinging Strike
0-1: Called Strike
0-2: Ball
1-2: Foul Ball, location: 25F
1-2: Strikes out swinging
Batting: RHB Steve O'Neill 0-0: Ball
1-0: Called Strike
1-1: Foul Ball, location: 5F
1-2: Fly out, F9 (Flyball, 9LS, EV 73.1 MPH)
Batting: RHB Ken Stephens 0-0: Called Strike
0-1: Ball
1-1: Foul Ball, location: 5FF
1-2: Ball
2-2: Strikes out swinging
Top of the 3rd over - 0 runs, 0 hits, 0 errors, 0 left on base; Round Rock 2 - Las Vegas 0
BOTTOM OF THE 3RD
Las Vegas Aviators batting - Pitching for Round Rock Express : LHP Chris Meadows
Batting: LHB Caleb Banks 0-0: Ball
1-0: Ball
2-0: Ball
3-0: Base on Balls
Batting: RHB Ernesto Peña 0-0: Called Strike
Caleb Banks steals 2nd base
0-1: Swinging Strike
0-2: Strikes out swinging
Batting: RHB Bert Gray 0-0: Ball
1-0: Ball
2-0: Ball
3-0: Called Strike
3-1: Foul Ball, location: 23F
3-2: SINGLE (Groundball, 6S, EV 77.5 MPH) (infield hit)
Caleb Banks to third
Batting: LHB Cristóbal Díaz 0-0: Called Strike
0-1: Ball
1-1: Foul Ball, location: 3F
1-2: Strikes out swinging
Batting: RHB Stu Braun 0-0: Fly out, F8 (Line Drive, 8LD, EV 82.5 MPH)
Bottom of the 3rd over - 0 runs, 1 hit, 0 errors, 2 left on base; Round Rock 2 - Las Vegas 0
TOP OF THE 4TH
Round Rock Express batting - Pitching for Las Vegas Aviators : RHP Jorge Martínez
Batting: LHB Cristo Ayala 0-0: Ball
1-0: Ball
2-0: DOUBLE (Flyball, 89XD, EV 99.4 MPH)
Batting: SHB Darrell Bailey 0-0: Swinging Strike
0-1: Called Strike
0-2: Ball
1-2: Ball
2-2: Ball
3-2: Fly out, F4 (Flyball, 34D, EV 84.4 MPH)
Batting: RHB Héctor González 0-0: Ball
1-0: Ball
2-0: Foul Ball, location: 3SF
2-1: Foul Ball, location: 9LSF
2-2: SINGLE (Line Drive, 34D, EV 100.0 MPH)
Cristo Ayala to third
Batting: RHB Ken Hanson 0-0: Called Strike
Héctor González steals 2nd base
0-1: Ball
1-1: Ground out 5-3 (Groundball, 5, EV 106.3 MPH)
Batting: RHB Cliff Richardson 0-0: Called Strike
0-1: Ball
1-1: Swinging Strike
1-2: Strikes out swinging
Top of the 4th over - 0 runs, 2 hits, 0 errors, 2 left on base; Round Rock 2 - Las Vegas 0
BOTTOM OF THE 4TH
Las Vegas Aviators batting - Pitching for Round Rock Express : LHP Chris Meadows
Batting: RHB Luis De La Cruz 0-0: Fly out, F8 (Flyball, 8LS, EV 88.1 MPH)
Batting: SHB Steve Dodd 0-0: Foul Ball, location: 3F
0-1: Fly out, F8 (Flyball, 8LM, EV 80.6 MPH)
Batting: SHB Esteban Martínez 0-0: Called Strike
0-1: Ball
1-1: Ball
2-1: Swinging Strike
2-2: SINGLE (Line Drive, 89S, EV 87.5 MPH)
Batting: LHB Jim Unknown 0-0: Ball
1-0: Foul Ball, location: 2F
1-1: Foul Ball, location: 25FF
1-2: Strikes out looking
Bottom of the 4th over - 0 runs, 1 hit, 0 errors, 1 left on base; Round Rock 2 - Las Vegas 0
TOP OF THE 5TH
Round Rock Express batting - Pitching for Las Vegas Aviators : RHP Jorge Martínez
Batting: RHB Oscar Pittman 0-0: Ball
1-0: Called Strike
1-1: Called Strike
1-2: Foul Ball, location: 2LF
1-2: Ball
2-2: SINGLE (Line Drive, 3D, EV 94.4 MPH)
Batting: RHB Jim Unknown 0-0: Bunted foul
0-1: Sac Bunt to 3S - play at first, batter OUT! 3-1
Oscar Pittman to second
Batting: RHB Steve O'Neill 0-0: Called Strike
0-1: Fly out, F3 (Popup, 3SF, EV 80.0 MPH)
Batting: RHB Ken Stephens 0-0: Ball
1-0: Foul Ball, location: 2F
1-1: Ball
2-1: Ball
3-1: Base on Balls
Batting: LHB Cristo Ayala 0-0: Called Strike
0-1: Fly out, F7 (Line Drive, 7S, EV 88.1 MPH)
Top of the 5th over - 0 runs, 1 hit, 0 errors, 2 left on base; Round Rock 2 - Las Vegas 0
BOTTOM OF THE 5TH
Las Vegas Aviators batting - Pitching for Round Rock Express : LHP Chris Meadows
Batting: LHB Caleb Banks 0-0: Called Strike
0-1: Ball
1-1: Foul Ball, location: 25FF
1-2: SOLO HOME RUN (Flyball, 9LD, EV 96.3 MPH), Distance : 346 ft
Batting: RHB Ernesto Peña 0-0: Ball
1-0: DOUBLE (Flyball, 7LD, EV 97.5 MPH)
Batting: RHB Bert Gray 0-0: Foul Ball, location: 2F
0-1: Ground out U3 (Groundball, 34, EV 106.9 MPH)
Ernesto Peña to third
Batting: LHB Cristóbal Díaz 0-0: Called Strike
0-1: Ball
1-1: Foul Ball, location: 3DF
1-2: Hit by Pitch
Batting: RHB Stu Braun 0-0: SINGLE (Groundball, 5D, EV 94.4 MPH)
Ernesto Peña scores
Cristóbal Díaz to second
Batting: RHB Luis De La Cruz 0-0: Ball
1-0: Foul Ball, location: 9LDF
1-1: Swinging Strike
1-2: Ball
2-2: SINGLE (Line Drive, 7S, EV 108.1 MPH)
Cristóbal Díaz to third
Stu Braun to second
Batting: SHB Steve Dodd 0-0: Called Strike
0-1: Ball
1-1: Ball
2-1: Ball
3-1: Called Strike
3-2: Strikes out looking
Batting: SHB Esteban Martínez 0-0: Ground out U3 (Groundball, 34S, EV 89.4 MPH)
Bottom of the 5th over - 2 runs, 4 hits, 0 errors, 3 left on base; Round Rock 2 - Las Vegas 2
TOP OF THE 6TH
Round Rock Express batting - Pitching for Las Vegas Aviators : RHP Jorge Martínez
Batting: SHB Darrell Bailey 0-0: Foul Ball, location: 3F
0-1: Foul Ball, location: 2F
0-2: TRIPLE (Flyball, 9LD, EV 92.5 MPH)
Batting: RHB Héctor González 0-0: Called Strike
0-1: Foul Ball, location: 9LMF
0-2: Strikes out swinging
Batting: RHB Ken Hanson 0-0: Ball
1-0: Swinging Strike
1-1: Ground out 6-3 (Groundball, 6, EV 91.3 MPH)
Batting: RHB Cliff Richardson 0-0: Ball
1-0: Ball
2-0: Ball
3-0: Called Strike
3-1: Hit by Pitch
Batting: RHB Oscar Pittman 0-0: Called Strike
0-1: Ball
1-1: SINGLE (Line Drive, 7LS, EV 88.8 MPH)
Darrell Bailey scores
Cliff Richardson to second
Batting: RHB Jim Unknown 0-0: Ball
1-0: Swinging Strike
1-1: Swinging Strike
1-2: Strikes out swinging
Top of the 6th over - 1 run, 2 hits, 0 errors, 2 left on base; Round Rock 3 - Las Vegas 2
BOTTOM OF THE 6TH
Las Vegas Aviators batting - Pitching for Round Rock Express : LHP Chris Meadows
Batting: LHB Jim Unknown 0-0: SINGLE (Groundball, 6, EV 88.1 MPH)
Batting: LHB Caleb Banks 0-0: Sac Bunt to 25 - play at first, batter OUT! 5-4
Jim Unknown to second
Batting: RHB Ernesto Peña 0-0: Ball
1-0: Called Strike
1-1: Ball
2-1: Foul Ball, location: 25F
2-2: Strikes out swinging
Batting: RHB Bert Gray 0-0: Called Strike
0-1: SINGLE (Groundball, 34D, EV 104.4 MPH)
Jim Unknown to third
Runner from 3rd tries for Home, SAFE, throw by RF to home
Bert Gray to second
Batting: LHB Cristóbal Díaz 0-0: Ball
1-0: Foul Ball, location: 2F
1-1: Ball
2-1: Foul Ball, location: 3F
2-2: Fly out, F7 (Flyball, 78D, EV 110.0 MPH)
Bottom of the 6th over - 1 run, 2 hits, 0 errors, 1 left on base; Round Rock 3 - Las Vegas 3
TOP OF THE 7TH
Round Rock Express batting - Pitching for Las Vegas Aviators : RHP Jorge Martínez
Batting: RHB Steve O'Neill 0-0: Ball
1-0: Called Strike
1-1: Foul Ball, location: 3F
1-2: Ball
2-2: Ball
3-2: SINGLE (Groundball, 6MD, EV 96.9 MPH)
Pitching: RHP Jesús Ramírez
Batting: RHB Ken Stephens 0-0: Ball
Steve O'Neill steals 2nd base (no throw)
1-0: Ball
2-0: Foul Ball, location: 9LDF
2-1: Called Strike
2-2: Strikes out swinging
Batting: LHB Cristo Ayala 0-0: Called Strike
0-1: Called Strike
0-2: Ground out 4-3 (Groundball, 4, EV 86.3 MPH)
Steve O'Neill to third
Batting: SHB Darrell Bailey 0-0: Ground out 6-3 (Groundball, 6, EV 90.0 MPH)
Top of the 7th over - 0 runs, 1 hit, 0 errors, 1 left on base; Round Rock 3 - Las Vegas 3
BOTTOM OF THE 7TH
Las Vegas Aviators batting - Pitching for Round Rock Express : LHP Chris Meadows
Pitching: RHP Steve Clements
Pinch Hitting: SHB Jimmy Beard 0-0: Swinging Strike
0-1: Foul Ball, location: 2F
0-2: Ball
1-2: Ground out 3-1 (Groundball, 34, EV 85.6 MPH)
Batting: RHB Luis De La Cruz 0-0: Ball
1-0: Ball
2-0: Ground out 6-3 (Groundball, 6, EV 105.0 MPH)
Batting: SHB Steve Dodd 0-0: Ball
1-0: Foul Ball, location: 3FF
1-1: Foul Ball, location: 2F
1-2: Foul Ball, location: 7LDF
1-2: Foul Ball, location: 7LSFF
1-2: Ground out U3 (Groundball, 3S, EV 90.0 MPH)
Bottom of the 7th over - 0 runs, 0 hits, 0 errors, 0 left on base; Round Rock 3 - Las Vegas 3
TOP OF THE 8TH
Round Rock Express batting - Pitching for Las Vegas Aviators : RHP Jesús Ramírez
Now at SS: Luis López
Batting: RHB Héctor González 0-0: Called Strike
0-1: Called Strike
0-2: SOLO HOME RUN (Flyball, 78XD, EV 110.6 MPH), Distance : 408 ft
Batting: RHB Ken Hanson 0-0: Called Strike
0-1: Foul Ball, location: 9LSF
0-2: Strikes out swinging
Batting: RHB Cliff Richardson 0-0: Called Strike
0-1: Ball
1-1: SINGLE (Line Drive, 34, EV 94.4 MPH)
Batting: RHB Oscar Pittman 0-0: Ball
1-0: Ball
2-0: Ball
3-0: Base on Balls
Cliff Richardson to second
Batting: RHB Jim Unknown 0-0: Fly out, F9 (Flyball, 9, EV 98.8 MPH)
Batting: RHB Steve O'Neill 0-0: Foul Ball, location: 3FF
0-1: Called Strike
0-2: Ball
1-2: Foul Ball, location: 3F
1-2: Strikes out swinging
Top of the 8th over - 1 run, 2 hits, 0 errors, 2 left on base; Round Rock 4 - Las Vegas 3
BOTTOM OF THE 8TH
Las Vegas Aviators batting - Pitching for Round Rock Express : RHP Steve Clements
Batting: SHB Esteban Martínez 0-0: Called Strike
0-1: Swinging Strike
0-2: Fly out, F5 (Popup, 25F, EV 80.0 MPH)
Batting: LHB Jim Unknown 0-0: Swinging Strike
0-1: Swinging Strike
0-2: SINGLE (Groundball, 6MD, EV 100.0 MPH)
Batting: LHB Caleb Banks 0-0: Sac Bunt to 23 - play at first, batter safe!
Jim Unknown to second
Batting: LHB António González 0-0: Ball
1-0: Ball
2-0: Swinging Strike
2-1: Called Strike
2-2: Foul Ball, location: 5SF
2-2: Foul Ball, location: 2F
2-2: Foul Ball, location: 9LMF
2-2: Foul Ball, location: 9LSFF
2-2: Foul Ball, location: 25F
2-2: Strikes out swinging
Batting: RHB Bert Gray 0-0: Fly out, F6 (Line Drive, 6, EV 63.8 MPH)
Bottom of the 8th over - 0 runs, 2 hits, 0 errors, 2 left on base; Round Rock 4 - Las Vegas 3
TOP OF THE 9TH
Round Rock Express batting - Pitching for Las Vegas Aviators : RHP Jesús Ramírez
Batting: RHB Ken Stephens 0-0: Ball
1-0: Ball
2-0: Foul Ball, location: 9LMF
2-1: Ball
3-1: Ground out 1-3 (Groundball, 25, EV 71.9 MPH)
Batting: LHB Cristo Ayala 0-0: Ball
1-0: Foul Ball, location: 9LSF
1-1: Ground out 6-3 (Groundball, 6, EV 102.5 MPH)
Batting: SHB Darrell Bailey 0-0: Ball
1-0: Ball
2-0: Foul Ball, location: 7LSF
2-1: Called Strike
2-2: Foul Ball, location: 2F
2-2: Ball
3-2: Base on Balls
Batting: RHB Héctor González 0-0: Swinging Strike
0-1: Ball
1-1: Foul Ball, location: 7LDF
1-2: Ground out 6-3 (Groundball, 6M, EV 93.8 MPH)
Top of the 9th over - 0 runs, 0 hits, 0 errors, 1 left on base; Round Rock 4 - Las Vegas 3
BOTTOM OF THE 9TH
Las Vegas Aviators batting - Pitching for Round Rock Express : RHP Steve Clements
Batting: LHB Cristóbal Díaz 0-0: Called Strike
0-1: Fly out, F9 (Line Drive, 89S, EV 110.6 MPH)
Batting: LHB Luis López 0-0: Ball
1-0: Ball
2-0: Ball
3-0: Called Strike
3-1: Foul Ball, location: 3SF
3-2: Ground out 4-3 (Groundball, 4, EV 86.3 MPH)
Pinch Hitting: LHB Brad Brandt 0-0: Ball
1-0: Called Strike
1-1: Foul Ball, location: 5SF
1-2: Ball
2-2: Ground out U3 (Groundball, 3, EV 86.3 MPH)
Bottom of the 9th over - 0 runs, 0 hits, 0 errors, 0 left on base; Round Rock 4 - Las Vegas 3
Monday, April 1st , 2024 - OOTP Baseball 24.10 Build 82